 Dungeon Crawl Stone Soup version 0.28-a0-556-gab23d0e057 (webtiles) character file.

Game seed: 2482580659586116229

4431 meatgazer the Cleaver (level 10, -1/93 (97) HPs)
             Began as a Hill Orc Monk on Sept 28, 2021.
             Was a Priest of Makhleb.
             Slain by a wight (10 damage)
             ... on level 9 of the Dungeon.
             The game lasted 00:19:41 (12541 turns).

meatgazer the Cleaver (Hill Orc Monk)              Turns: 12541, Time: 00:19:42

HP:   -1/93 (97)    AC: 18    Str: 14    XL:     10   Next: 36%
MP:   12/12         EV: 11    Int: 13    God:    Makhleb [***...]
Gold: 592           SH:  0    Dex: 19    Spells: 9/9 levels left

rFire   + . .      SeeInvis .   n - +4 spear (distort)
rCold   x . .      Faith    .   (no shield)
rNeg    . . .      Spirit   .   i - +0 scale mail of Cuonuuw {Str-4 Int+3 Dex+6}
rPois   .          Reflect  .   (no helmet)
rElec   .          Harm     .   (no cloak)
rCorr   .          Rampage  +   m - +2 pair of gloves
Will    +....                   k - +2 pair of boots {rampage}
Stlth   +.........              (no amulet)
HPRegen 0.25/turn               u - ring "Hawas" {Fire Will+}
MPRegen 0.13/turn               j - +4 ring of protection

@: studying Polearms, lightly drained
A: no striking features
a: Renounce Religion, Minor Destruction, Lesser Servant of Makhleb


You were on level 9 of the Dungeon.
You worshipped Makhleb.
Makhleb was most pleased with you.
You visited 2 branches of the dungeon, and saw 10 of its levels.

You collected 1054 gold pieces.
You spent 462 gold pieces at shops.

Inventory:

Hand Weapons
 a - a +0 hand axe
 n - a +4 spear of distortion (weapon)
Armour
 i - the +0 scale mail of Cuonuuw (worn) {Str-4 Int+3 Dex+6}
   (You bought it in a shop on level 3 of the Dungeon)

   Str:       It affects your strength (-4).
   Int:       It affects your intelligence (+3).
   Dex:       It affects your dexterity (+6).
 k - a +2 pair of boots of rampaging (worn)
 m - a +2 pair of gloves (worn)
 p - a +0 buckler
Jewellery
 b - a ring of protection from cold
 j - a +4 ring of protection (right hand)
 u - the ring "Hawas" (left hand) {Fire Will+}
   (You found it on level 7 of the Dungeon)

   [ring of fire]

   It enhances your fire magic.
   rF:        It protects you from fire.
   rC:        It makes you vulnerable to cold.
   Will:      It increases your willpower.
Wands
 c - a wand of polymorph (5)
 f - a wand of iceblast (11)
 g - a wand of flame (17)
 s - a wand of digging (4)
 v - a wand of charming (7)
Scrolls
 d - 3 scrolls of fog
 h - a scroll of silence
 o - 3 scrolls of magic mapping
 q - 2 scrolls of vulnerability
 r - 3 scrolls of identify
Potions
 e - a potion of magic
 l - 2 potions of brilliance
 t - 3 potions of lignification
 w - a potion of curing {unknown}
 x - a potion of heal wounds


   Skills:
 + Level 12.3 Fighting
 - Level 13.4(13.7) Axes
 * Level 3.1(8.0) Polearms
 - Level 7.8 Armour
 - Level 3.2 Dodging
 - Level 3.1 Stealth
 + Level 1.3 Shields
 * Level 3.2 Invocations
 + Level 1.5 Evocations


You had 9 spell levels left.
You didn't know any spells.
Your spell library contained the following spells:

 Spells                   Type           Power      Damage    Failure   Level
 Apportation              Tloc           0%         N/A       71%         1
 Static Discharge         Conj/Air       0%         N/A       85%         2
 Gell's Gravitas          Tloc           0%         N/A       97%         3
 Lesser Beckoning         Tloc           0%         N/A       97%         3
 Teleport Other           Tloc           0%         N/A       97%         3
 Airstrike                Air            0%         N/A       100%        4
 Dispel Undead            Necr           0%         3d6       100%        4
 Sticky Flame             Conj/Fire      0%         2d3       100%        4
 Summon Lightning Spire   Summ/Air       0%         N/A       100%        4
 Alistair's Intoxication  Tmut/Pois      0%         N/A       100%        5
 Lightning Bolt           Conj/Air       0%         1d11      100%        5
 Invisibility             Hex            0%         N/A       100%        6


Dungeon Overview and Level Annotations

Branches:
Dungeon (9/15)             Temple (1/1) D:5
   Lair: D:8-11         Orc: D:9-12

Altars:
Ashenzari
Cheibriados
Dithmenos
Elyvilon
Fedhas
Gozag
Hepliaklqana
Kikubaaqudgha
Makhleb
Nemelex Xobeh
Okawaru
Qazlal
Ru
Sif Muna
Trog
Uskayaw
Vehumet
Wu Jian
Xom
Yredelemnul
Zin
The Shining One

Shops:
D:3 [


Message History

Your Shields skill increases to level 1!
Your Invocations skill increases to level 3!
Something unexpectedly blocked you, preventing you from rampaging!
You miss something. Something hits you but does no damage.
Something unexpectedly blocked you, preventing you from rampaging!
You puncture something!
Space bends around something!
Makhleb accepts your kill.
You feel better.
Reactivating autopickup.
You feel a bit more experienced.
The wight hits you with a +3 morningstar of freezing!
The wight freezes you.
* * * LOW HITPOINT WARNING * * *
You barely miss the orc.
The wight hits you with a +3 morningstar of freezing!
* * * LOW HITPOINT WARNING * * *
You feel drained.
* * * LOW HITPOINT WARNING * * *
The wight freezes you.
* * * LOW HITPOINT WARNING * * *
You puncture the orc!
You kill the orc!
Makhleb accepts your kill.
You feel better.
You hit the wight.
You destroy the wight!
Makhleb accepts your kill.
You feel better.
The wight hits you with a +3 great sword.
* * * LOW HITPOINT WARNING * * *
You feel drained.
* * * LOW HITPOINT WARNING * * *
You hit the wight but do no damage.
The wight blinks!
Okay, then.
Things that are here:
a +3 morningstar of freezing; a +0 robe You see here a potion of heal wounds.
x - a potion of heal wounds The wight hits you with a +3 great sword!
You die...

####'###..##.###..######
#......#..#########
#......#............
#......#............
#......#............
#......#.....##[..#
+......#.....##...##
#......+............
#......#...@z.......
......#'####............
......#..........†......
......+........)).......
..... ##..##..##.###...#
+########..##..##)# ###
...........#...+....+
...........#...#.>.....
...........+.?.###'.###.#


You could see a wight.

Vanquished Creatures
  A two-headed ogre (D:9)
  Grinder (D:3)
  Sigmund (D:3)
  A water moccasin (D:8)
  Duvessa (D:7)
  An orc warrior (D:8)
  3 sky beasts
  2 black bears (D:6)
  An ice beast (D:7)
  A necrophage (D:6)
  4 ogres
  A kobold brigand (D:7)
  2 gnoll sergeants
  2 scorpions (D:5)
  A water moccasin zombie (D:5)
  Dowan (D:7)
  12 wights
  A centaur zombie (D:7)
  5 howler monkeys
  An orc priest (D:8)
  4 hounds
  3 jellies
  A bullfrog zombie (D:6)
  A gnoll shaman (D:8)
  Ijyb (D:3)
  3 orc wizards
  4 iguanas
  A hound skeleton (D:4)
  15 gnolls
  9 adders
  3 white imps
  2 ufetubi (D:5)
  3 worms (D:3)
  4 dart slugs
  26 orcs
  7 ball pythons
  5 endoplasms
  5 giant cockroaches
  3 hobgoblins
  11 jackals
  3 quokkas
  3 bats (D:2)
  4 goblins
  10 kobolds
  3 rats
177 creatures vanquished.

Notes
Turn   | Place    | Note
-------+----------+-------------------------------------------
     0 | D:1      | meatgazer the Hill Orc Monk began the quest for the Orb.
     0 | D:1      | Reached XP level 1. HP: 19/19 MP: 1/1
   302 | D:1      | Reached XP level 2. HP: 5/27 MP: 2/2
  1739 | D:2      | Found a faded altar of an unknown god.
  1979 | D:2      | Reached XP level 3. HP: 33/33 MP: 3/3
  2432 | D:2      | Identified a scroll of acquirement
  2432 | D:2      | Acquired 631 gold pieces
  2629 | D:3      | Noticed Sigmund
  2649 | D:3      | Killed Sigmund
  2650 | D:3      | Reached skill level 5 in Axes
  2650 | D:3      | Reached XP level 4. HP: 13/41 MP: 4/4
  2650 | D:3      | Reached XP level 5. HP: 16/47 MP: 5/5
  3166 | D:3      | Noticed Grinder
  3506 | D:3      | Found a shadowy altar of Dithmenos.
  3600 | D:3      | Reached skill level 6 in Axes
  3600 | D:3      | Reached XP level 6. HP: 38/53 MP: 6/6
  4150 | D:3      | Reached skill level 10 in Fighting
  4150 | D:3      | Reached skill level 11 in Axes
  4150 | D:3      | Reached XP level 7. HP: 72/72 MP: 7/7
  4156 | D:3      | Paralysed by Grinder for 3 turns
  4172 | D:3      | Killed Grinder
  4764 | D:3      | Found Halob's Antique Armour Boutique.
  4769 | D:3      | Noticed Ijyb
  4796 | D:3      | Killed Ijyb
  4806 | D:3      | Bought a fading scale mail for 252 gold pieces
  4806 | D:3      | Identified the +0 scale mail of Cuonuuw {Str-4 Int+3 Dex+6}
                  | (You bought it in a shop on level 3 of the Dungeon)
  4806 | D:3      | Bought a pair of embroidered boots for 210 gold pieces
  5609 | D:4      | Reached XP level 8. HP: 64/80 MP: 8/8
  6175 | D:5      | Entered Level 5 of the Dungeon
  6674 | D:5      | Found a staircase to the Ecumenical Temple.
  6683 | Temple   | Entered the Ecumenical Temple
  6821 | Temple   | Became a worshipper of Makhleb the Destroyer
  6821 | Temple   | Reached * piety under Makhleb
  6821 | Temple   | Reached ** piety under Makhleb
  6974 | D:5      | Reached skill level 12 in Axes
  8041 | D:6      | Reached XP level 9. HP: 78/89 MP: 9/9
  9158 | D:7      | Found a broken altar of Ashenzari.
  9354 | D:7      | Noticed Duvessa
  9396 | D:8      | Found an ancient bone altar of Kikubaaqudgha.
  9424 | D:8      | Found a glowing silver altar of Zin.
  9693 | D:8      | Noticed an angel
  9697 | D:8      | Found a shimmering altar of Xom.
  9794 | D:8      | Reached skill level 13 in Axes
 10425 | D:7      | Noticed Dowan
 10444 | D:7      | Killed Dowan
 10462 | D:7      | Killed Duvessa
 10617 | D:7      | Identified the ring "Hawas" {Fire Will+}
 10736 | D:7      | Reached *** piety under Makhleb
 11168 | D:8      | Reached XP level 10. HP: 97/97 MP: 10/10
 11181 | D:8      | Found a bloodstained altar of Trog.
 11196 | D:8      | Reached skill level 1 in Invocations
 12100 | D:8      | Reached skill level 1 in Polearms
 12430 | D:9      | Found a white marble altar of Elyvilon.
 12508 | D:9      | Reached skill level 1 in Evocations
 12518 | D:9      | Noticed a two-headed ogre
 12530 | D:9      | Killed a two-headed ogre
 12531 | D:9      | Reached skill level 1 in Shields
 12541 | D:9      | Slain by a wight

Illustrated notes

Levels and vault maps discovered:
D:1:      minmay_arrival_three_doors, layout_basic, chequers_jeans
D:2:      layout_loops_ring, ebering_ecumenical_altar_mist
D:3:      layout_loops_ring, grunt_dithmenos_smoke, serial_shops, shop,
          uniq_sigmund, uniq_ijyb, uniq_grinder
D:4:      layout_cave_pools
D:5:      layout_loops_ring, minmay_temple_entry_glass,
          nicolae_ossuary_entry_monument, minmay_manual_mess
D:6:      layout_loops_ring
D:7:      layout_rooms, lemuel_crystal_altar, uniq_duvessa
D:8:      layout_basic, mainiacjoe_overflow_small_starburst,
          mainiacjoe_overflow_concentric_impassable,
          grunt_temple_overflow_order_and_chaos_1
D:9:      minmay_bubble_buster, layout_gridville,
          nicolae_elyvilon_peaceful_grove, st_stairs_3
Temple:   regret_index_temple_waves

Skill      XL: |  1  2  3  4  5  6  7  8  9 10 |
---------------+-------------------------------+-----
Stealth        | 3 |  3.1
Fighting       | 4 10 11 12 | 12.3
Axes           | 5 6 11 12 13 | 13.4
Dodging        | 3 |  3.2
Armour         | 7 |  7.8
Invocations    | 3 |  3.2
Polearms       | 3 |  3.1
Evocations     | 1 |  1.5
Shields        | 1 |  1.3

Action                   |  1- 3 |  4- 6 |  7- 9 | 10-12 || total
-------------------------+-------+-------+-------+-------++-------
Melee: Hand axe          |   119 |   110 |   688 |    35 ||   952
       Spear             |       |       |       |    49 ||    49
Evoke: Wand              |       |       |       |    16 ||    16
  Use: Scroll            |     5 |     4 |     8 |     1 ||    18
       Potion            |     6 |     1 |     5 |     3 ||    15
 Stab: Sleeping          |    10 |     1 |     2 |       ||    13
       Distracted        |       |       |     2 |       ||     2
       Invisible         |       |       |     8 |       ||     8
Armor: Robe              |    22 |    24 |     2 |       ||    48
       Skin              |     3 |       |       |       ||     3
       Scale mail        |       |       |   255 |    26 ||   281
Dodge: Dodged            |    61 |    55 |   257 |    28 ||   401

Table legend: (Time is in decaauts)
 A = Elapsed time spent in this place.
 B = Non-inter-level travel time spent in this place.
 C = Inter-level travel time spent in this place.
 D = Time resting spent in this place.
 E = Time spent auto-exploring this place.
 F = Levels seen in this place.
 G = Mean time per level.
                   A        B        C        D        E       F      G
               +--------+--------+--------+--------+--------+-----+--------+
         Total |  12235 |  11934 |    301 |   3453 |   6854 |  10 | 1223.5 |
       Dungeon |  11664 |  11410 |    254 |   3052 |   6749 |   9 | 1296.0 |
        Temple |    570 |    523 |     47 |    401 |    105 |   1 |  570.0 |
               +--------+--------+--------+--------+--------+-----+--------+

Top non-repeatable levels by time:
     D:3: 2681 daAuts
     D:8: 1770 daAuts
     D:1: 1415 daAuts
     D:7: 1322 daAuts
     D:5: 1209 daAuts
     D:2: 1175 daAuts
     D:6: 1114 daAuts
     D:4: 854 daAuts
  Temple: 570 daAuts
     D:9: 120 daAuts
